3030 views
Uploaded 2020-02-10 23:59:46
Game version 1.32 / 1.32.1
16:02 long 2on2 ladder game on (4)HillsbradCreek
Saved by Grim
3030 views
Uploaded 2020-02-10 23:59:46
Game version 1.32 / 1.32.1
16:02 long 2on2 ladder game on (4)HillsbradCreek


40 units @ 7.1k
/ 0.9k
27 buildings @ 4.3k
/ 1.6k



| Rod of Necromancy | 3 | 450 |
| Orb of Corruption | 1 | 375 |
| Potion of Healing | 1 | 150 |
| Scroll of Town Portal | 2 | 700 |
| Potion of Lesser Invulnerability | 1 | 150 |
| total: | 8 | 1825g |
| Acolyte | 2 | 150 | / | 0 |
| Ghoul | 2 | 240 | / | 0 |
| Crypt Fiend | 10 | 2150 | / | 400 |
| Gargoyle | 1 | 175 | / | 30 |
| Obsidian Statue | 2 | 400 | / | 70 |
| total: | 17 | 3115g | / | 500w |
| Crypt | 1 | 200 | / | 50 |
| Altar of Darkness | 1 | 180 | / | 50 |
| Ziggurat | 7 | 1050 | / | 350 |
| Graveyard | 1 | 215 | / | 0 |
| Tomb of Relics | 1 | 130 | / | 30 |
| Slaughterhouse | 1 | 140 | / | 135 |
| Halls of the Dead | 1 | 320 | / | 210 |
| Black Citadel | 1 | 325 | / | 230 |
| total: | 12 | 1915g | / | 615w |
| 0:03 | Acolyte |
| 0:07 | Crypt |
| 0:13 | Altar of Darkness |
| 0:17 | Acolyte |
| 0:33 | Ziggurat |
| 0:58 | Graveyard |
| 1:12 | Tomb of Relics |
| 1:23 | Ghoul |
| 1:39 | Ghoul |
| 1:50 | Ziggurat |
| 2:21 | Crypt Fiend |
| 2:22 | Death Coil |
| 2:30 | Rod of Necromancy |
| 3:00 | Crypt Fiend |
| 3:27 | Halls of the Dead |
| 3:44 | Crypt Fiend |
| 3:59 | Unholy Aura |
| 4:12 | Crypt Fiend |
| 4:15 | Rod of Necromancy |
| 4:28 | Ziggurat |
| 5:27 | Crypt Fiend |
| 6:06 | Crypt Fiend |
| 6:10 | Slaughterhouse |
| 6:11 | Black Citadel |
| 6:22 | Burrow |
| 6:59 | Death Coil |
| 7:36 | Unholy Aura |
| 8:12 | Frost Nova |
| 8:56 | Crypt Fiend |
| 8:56 | Gargoyle |
| 9:14 | Orb of Corruption |
| 9:21 | Ziggurat |
| 9:23 | Ziggurat |
| 9:27 | Scroll of Town Portal |
| 9:41 | Rod of Necromancy |
| 9:41 | Potion of Healing |
| 10:00 | Ziggurat |
| 10:14 | Crypt Fiend |
| 10:15 | Obsidian Statue |
| 10:53 | Scroll of Town Portal |
| 11:35 | Potion of Lesser Invulnerability |
| 11:40 | Obsidian Statue |
| 12:49 | Frost Armor |
| 12:51 | Crypt Fiend |
| 13:19 | Destroyer Form |
| 13:26 | Crypt Fiend |
| 13:51 | Death Coil |
| 14:00 | Ziggurat |
| 14:06 | Silence |
| 14:18 | Creature Attack |
| 15:14 | Frost Nova |
| 15:54 | Black Arrow |
| Right click | 1361 |
| Select group | 782 |
| Assign group | 477 |
| Select | 273 |
| Build/train/purchase | 81 |
| Use ability | 41 |
| Minimap ping | 6 |
| Remove unit | 4 |
| Item give/drop | 2 |
| Misc. action | 1 |


| Healing Salve | 1 | 100 |
| total: | 1 | 100g |
| Peon | 7 | 525 | / | 0 |
| Grunt | 10 | 2000 | / | 0 |
| Kodo Beast | 2 | 510 | / | 120 |
| Tauren | 3 | 840 | / | 240 |
| Shaman | 1 | 130 | / | 20 |
| total: | 23 | 4005g | / | 380w |
| Altar of Storms | 1 | 180 | / | 50 |
| Orc Burrow | 6 | 960 | / | 240 |
| Barracks | 2 | 360 | / | 100 |
| Voodoo Lounge | 1 | 130 | / | 30 |
| War Mill | 1 | 205 | / | 0 |
| Beastiary | 1 | 145 | / | 140 |
| Spirit Lodge | 1 | 150 | / | 150 |
| Tauren Totem | 2 | 270 | / | 310 |
| Stronghold | 1 | 315 | / | 190 |
| Fortress | 1 | 325 | / | 190 |
| total: | 15 | 2400g | / | 1020w |
| 0:04 | Peon |
| 0:04 | Peon |
| 0:10 | Altar of Storms |
| 0:19 | Orc Burrow |
| 0:30 | Peon |
| 0:35 | Barracks |
| 1:05 | Peon |
| 1:05 | Peon |
| 1:20 | Peon |
| 1:37 | Grunt |
| 1:39 | Orc Burrow |
| 1:51 | Voodoo Lounge |
| 2:00 | Peon |
| 2:23 | War Mill |
| 2:36 | Wind Walk |
| 2:49 | Grunt |
| 3:17 | Grunt |
| 3:22 | Orc Burrow |
| 3:50 | Stronghold |
| 3:58 | Healing Salve |
| 4:48 | Grunt |
| 4:51 | Steel Melee Weapons |
| 5:03 | Grunt |
| 5:10 | Orc Burrow |
| 5:34 | Grunt |
| 5:37 | Steel Armor |
| 6:09 | Orc Burrow |
| 6:25 | Berserker Strength |
| 7:10 | Barracks |
| 7:19 | Beastiary |
| 7:33 | Spirit Lodge |
| 8:32 | Healing Wave |
| 8:38 | Critical Strike |
| 8:43 | Kodo Beast |
| 8:50 | Orc Burrow |
| 8:51 | Grunt |
| 9:01 | Fortress |
| 9:43 | Shaman Adept Training |
| 10:08 | Tauren Totem |
| 10:10 | Grunt |
| 11:08 | Grunt |
| 11:24 | Shaman Master Training |
| 11:27 | War Drums Damage Increase |
| 11:29 | Pulverize |
| 11:30 | Tauren |
| 11:35 | Tauren Totem |
| 12:45 | Wind Walk |
| 13:00 | Hex |
| 13:16 | Tauren |
| 13:18 | Shaman |
| 13:19 | Grunt |
| 13:25 | Kodo Beast |
| 14:04 | Tauren |
| 15:42 | Critical Strike |
| Right click | 623 |
| Select | 193 |
| Select group | 79 |
| Build/train/purchase | 52 |
| Assign group | 15 |
| Use ability | 13 |
| Remove unit | 2 |
| Minimap ping | 1 |
91 units @ 11.1k
/ 1k
39 buildings @ 6.4k
/ 3k

| Healing Salve | 2 | 200 |
| Lesser Clarity Potion | 1 | 70 |
| Scroll of Town Portal | 1 | 350 |
| total: | 4 | 620g |
| Peon | 11 | 825 | / | 0 |
| Grunt | 24 | 4800 | / | 0 |
| Tauren | 4 | 1120 | / | 320 |
| Shaman | 2 | 260 | / | 40 |
| total: | 41 | 7005g | / | 360w |
| Watch Tower | 3 | 330 | / | 240 |
| Altar of Storms | 1 | 180 | / | 50 |
| Orc Burrow | 7 | 1120 | / | 280 |
| Barracks | 1 | 180 | / | 50 |
| War Mill | 1 | 205 | / | 0 |
| Voodoo Lounge | 1 | 130 | / | 30 |
| Tauren Totem | 1 | 135 | / | 155 |
| Spirit Lodge | 1 | 150 | / | 150 |
| Stronghold | 1 | 315 | / | 190 |
| Fortress | 1 | 325 | / | 190 |
| total: | 16 | 2430g | / | 955w |
| 0:04 | Altar of Storms |
| 0:07 | Orc Burrow |
| 0:07 | Peon |
| 0:08 | Peon |
| 0:32 | Peon |
| 0:46 | Barracks |
| 0:55 | Peon |
| 0:58 | Peon |
| 1:28 | Peon |
| 1:38 | Orc Burrow |
| 1:55 | Grunt |
| 2:09 | War Mill |
| 2:12 | Feral Spirit |
| 2:28 | Grunt |
| 2:43 | Orc Burrow |
| 3:15 | Orc Burrow |
| 3:19 | Grunt |
| 3:48 | Grunt |
| 3:51 | Steel Armor |
| 4:09 | Orc Burrow |
| 4:22 | Grunt |
| 4:37 | Spiked Barricades |
| 4:41 | Chain Lighting |
| 5:29 | Voodoo Lounge |
| 5:30 | Grunt |
| 5:31 | Grunt |
| 5:32 | Steel Melee Weapons |
| 5:56 | Stronghold |
| 6:23 | Watch Tower |
| 7:02 | Grunt |
| 7:02 | Grunt |
| 7:09 | Watch Tower |
| 7:12 | Healing Salve |
| 7:13 | Lesser Clarity Potion |
| 7:22 | Healing Salve |
| 7:39 | Orc Burrow |
| 8:04 | Grunt |
| 8:05 | Grunt |
| 9:00 | Watch Tower |
| 9:20 | Berserker Strength |
| 9:22 | Peon |
| 9:23 | Peon |
| 9:23 | Peon |
| 9:29 | Grunt |
| 9:29 | Grunt |
| 9:46 | Scroll of Town Portal |
| 11:03 | Grunt |
| 11:06 | Thorium Melee Weapons |
| 11:24 | Tauren Totem |
| 11:30 | Peon |
| 11:30 | Peon |
| 11:34 | Grunt |
| 11:34 | Grunt |
| 11:51 | Feral Spirit |
| 12:05 | Grunt |
| 12:07 | Fortress |
| 12:48 | Grunt |
| 13:02 | Spirit Lodge |
| 13:29 | Grunt |
| 13:51 | Grunt |
| 14:00 | Grunt |
| 14:07 | Thorium Armor |
| 14:18 | Shaman Adept Training |
| 14:38 | Grunt |
| 14:40 | Tauren |
| 14:40 | Tauren |
| 14:42 | Shaman |
| 14:42 | Shaman |
| 14:47 | Orc Burrow |
| 15:30 | Grunt |
| 15:31 | Grunt |
| 15:33 | Tauren |
| 15:33 | Tauren |
| 15:35 | Shaman Master Training |
| Right click | 281 |
| Select | 214 |
| Build/train/purchase | 70 |
| Use ability | 14 |
| Select group | 13 |
| Assign group | 11 |
| Resource trade | 11 |


| Wisp | 37 | 2220 | / | 0 |
| Archer | 3 | 390 | / | 30 |
| Dryad | 10 | 1450 | / | 600 |
| total: | 50 | 4060g | / | 630w |
| Ancient Protector | 6 | 810 | / | 480 |
| Altar of Elders | 1 | 180 | / | 50 |
| Moon Well | 5 | 900 | / | 200 |
| Ancient of War | 2 | 300 | / | 120 |
| Hunter's Hall | 1 | 210 | / | 100 |
| Tree of Life | 2 | 680 | / | 370 |
| Ancient of Wonders | 1 | 90 | / | 30 |
| Ancient of Lore | 5 | 775 | / | 725 |
| Tree of Ages | 1 | 320 | / | 180 |
| Tree of Eternity | 1 | 330 | / | 200 |
| total: | 23 | 3945g | / | 2075w |
| 0:01 | Wisp |
| 0:01 | Wisp |
| 0:05 | Altar of Elders |
| 0:18 | Moon Well |
| 0:26 | Wisp |
| 0:39 | Ancient of War |
| 0:51 | Wisp |
| 0:58 | Wisp |
| 1:15 | Ancient of War |
| 1:21 | Wisp |
| 1:21 | Wisp |
| 1:21 | Wisp |
| 1:40 | Moon Well |
| 2:01 | Wisp |
| 2:10 | Force of Nature |
| 2:30 | Archer |
| 2:51 | Wisp |
| 3:15 | Tree of Ages |
| 3:38 | Hunter's Hall |
| 4:24 | Entangling Roots |
| 4:47 | Tree of Life |
| 4:56 | Archer |
| 4:56 | Archer |
| 5:06 | Moon Well |
| 5:41 | Ancient of Lore |
| 5:43 | Ancient of Lore |
| 6:12 | Ancient Protector |
| 6:15 | Ancient Protector |
| 6:22 | Ancient Protector |
| 6:29 | Tree of Life |
| 6:31 | Wisp |
| 6:31 | Wisp |
| 6:32 | Wisp |
| 7:05 | Ancient of Lore |
| 7:06 | Wisp |
| 7:06 | Wisp |
| 7:39 | Wisp |
| 7:45 | Ancient Protector |
| 7:51 | Wisp |
| 7:51 | Wisp |
| 8:08 | Wisp |
| 8:19 | Dryad |
| 8:24 | Wisp |
| 8:35 | Ancient of Lore |
| 8:37 | Wisp |
| 8:38 | Wisp |
| 8:39 | Wisp |
| 8:40 | Wisp |
| 9:17 | Dryad |
| 9:26 | Wisp |
| 9:38 | Dryad |
| 9:51 | Abolish Magic |
| 9:52 | Dryad |
| 10:07 | Frost Arrows |
| 10:09 | Dryad |
| 10:15 | Wisp |
| 10:20 | Wisp |
| 11:02 | Force of Nature |
| 11:08 | Dryad |
| 11:11 | Wisp |
| 11:11 | Wisp |
| 11:14 | Wisp |
| 11:14 | Wisp |
| 11:32 | Moon Well |
| 11:34 | Moon Well |
| 11:46 | Strength of the Wild |
| 12:39 | Dryad |
| 12:39 | Dryad |
| 12:54 | Forked Lightning |
| 13:01 | Dryad |
| 13:01 | Dryad |
| 13:06 | Ancient of Lore |
| 13:07 | Wisp |
| 13:07 | Wisp |
| 13:08 | Wisp |
| 13:09 | Wisp |
| 14:04 | Improved Strength of the Wild |
| 14:13 | Ancient of Wonders |
| 14:20 | Tree of Eternity |
| 14:21 | Druid of the Claw Adept Training |
| 15:35 | Ancient Protector |
| 15:37 | Ancient Protector |
| 15:39 | Wisp |
| 15:40 | Wisp |
| Right click | 772 |
| Select group | 457 |
| Select | 229 |
| Assign group | 172 |
| Misc. action | 104 |
| Build/train/purchase | 70 |
| Resource trade | 38 |
| Use ability | 34 |
| Remove unit | 5 |
| Minimap ping | 4 |